 Dungeon Crawl Stone Soup version 0.17.1-1-g73c8601 (webtiles) character file.

2871 Kook the Skirmisher (level 9, -3/72 HPs)
             Began as a Demonspawn Berserker on June 26, 2016.
             Was a Priest of Trog.
             Killed from afar by a gargoyle (8 damage)
             ... with a stone arrow
             ... on level 8 of the Dungeon on June 29, 2016.
             The game lasted 00:34:18 (8048 turns).

Kook the Skirmisher (Demonspawn Berserker)          Turns: 8048, Time: 00:34:18

Health: -3/72      AC: 10    Str: 21    XL:     9   Next: 47%
Magic:  12/12      EV: 15    Int:  9    God:    Trog [***...]
Gold:   680        SH:  0    Dex: 12    Spells: 0 memorised, 8 levels left

rFire  . . .     SeeInvis .     p - +1 trident (curse)
rCold  + . .     Clarity  .     r - +0 ring mail
rNeg   + . .     SustAt   .     (no shield)
rPois  .         Gourm    .     (no helmet)
rElec  .         Spirit   .     (no cloak)
rCorr  .         Warding  .     F - +1 pair of gloves
rMut   .         Stasis   .     (no boots)
MR     .....                    (no amulet)
Stlth  ..........               g - ring of positive energy
                                f - +3 ring of evasion

@: not resistant to hostile enchantments, extremely unstealthy
A: hooves 2, slimy green scales 1, cold resistance 1, demonic guardian 2
a: Berserk, Trog's Hand, Burn Spellbooks, Renounce Religion


You were on level 8 of the Dungeon.
You worshipped Trog.
Trog was most pleased with you.
You were not hungry.

You visited 1 branch of the dungeon, and saw 8 of its levels.
You also visited: Sewer and Ossuary.

You collected 680 gold pieces.

Inventory:

Hand Weapons
 a - a +0 spear
 p - a cursed +1 trident (weapon)
 w - a +0 blowgun
 A - a +3 trident of freezing
Missiles
 n - 11 tomahawks (quivered)
 x - 74 poisoned needles
 K - 7 poisoned javelins
 U - 5 tomahawks of returning
Armour
 r - a +0 ring mail (worn)
 F - a +1 pair of gloves (worn)
Jewellery
 f - a +3 ring of evasion (left hand)
 g - a ring of positive energy (right hand)
 q - an uncursed ring of magical power
 v - an uncursed ring of fire
 y - an uncursed amulet of clarity {unknown}
 J - a +3 ring of intelligence {unknown}
 M - an uncursed ring of see invisible {unknown}
 Q - an uncursed ring of protection from cold {unknown}
 S - an uncursed ring of wizardry {unknown}
Wands
 e - a wand of slowing (29)
 t - a wand of paralysis (6)
 I - a wand of lightning (8)
 P - a wand of random effects (24)
Scrolls
 h - 2 scrolls of fog
 j - 3 scrolls of fear
 E - 4 scrolls of remove curse
 L - a scroll of teleportation
 X - 3 scrolls of magic mapping
Potions
 b - 2 potions of agility
 d - 5 potions of curing
 i - 3 potions of haste
 k - 4 potions of flight
 m - 2 potions of invisibility
 s - 4 potions of mutation
 u - 3 potions of cancellation
 z - 4 potions of brilliance
 B - 2 potions of berserk rage
 C - 2 potions of resistance
 N - a potion of beneficial mutation
 T - 2 potions of ambrosia
 W - a potion of might
Books
 D - a book of Unlife

   Spells                             Type                      Level
   a - Recall                         Summoning/Translocation      3
   b - Animate Dead                   Necromancy                   4
   c - Control Undead                 Necromancy                   4
   d - Cigotuvi's Embrace             Necromancy                   5
   e - Death Channel                  Necromancy                   6
   f - Simulacrum                     Ice/Necromancy               6
   Trog disapproves of the use of such an item.
Miscellaneous
 H - a plain deck of war
Comestibles
 c - 8 bread rations
 l - 3 chunks of flesh
 o - a fruit
 O - 2 slices of pizza
 R - a royal jelly
 V - a beef jerky


   Skills:
 * Level 7.6 Fighting
 * Level 6.9 Polearms
 + Level 2.8 Throwing
 + Level 4.6 Armour
 + Level 4.4 Dodging
 + Level 4.2 Evocations


You had 8 spell levels left.
You didn't know any spells.

Dungeon Overview and Level Annotations

Branches:
Dungeon (8/15)             Temple (0/1) D:4
   Lair: D:8-11

Altars:
Dithmenos
Kikubaaqudgha
Makhleb
Nemelex Xobeh
Ru
Yredelemnul
Zin

Shops:
D:7 %


Innate Abilities, Weirdness & Mutations

You have hoof-like feet.
You are partially covered in slimy green scales (AC +2).
Your flesh is cold resistant.
A demonic guardian rushes to your aid.


Message History

You hit the gargoyle but do no damage.
The gargoyle is moderately damaged.
The gargoyle hits you with a mace!
Your soul eater hits the gargoyle.
You barely miss the gargoyle.
You kick the gargoyle, but do no damage.
The gargoyle is heavily damaged.
Your soul eater disappears in a puff of smoke!
The gargoyle hits you but does no damage.
You hit the gargoyle. Your kick misses the gargoyle.
The gargoyle is heavily damaged.
The gargoyle hurls a stone arrow at you.
The stone arrow hits you!
You barely miss the gargoyle.
You kick the gargoyle, but do no damage.
The gargoyle is heavily damaged.
The gargoyle hits you with a mace!!
* * * LOW HITPOINT WARNING * * *
The gargoyle hurls a stone arrow at you.
The stone arrow hits you!
You die...

.##..##..##....##
...###.####..##
..#...# ####
#.#.### # #.#.#
#. #...#
...##.### ##..#
......9.####..##
......#.@3.#...#
..... ####.#.#.#
.... #.....# .9.
##.#.?# ..
#.#..... #
..##.....
.###....... .
....... . ......


You could see a gargoyle and a friendly smoke demon.

Vanquished Creatures
  A wraith (D:6)
  A hippogriff (D:8)
  3 sky beasts
  A water moccasin (D:7)
  2 black bears
  A necrophage (D:7)
  A giant frog (D:8)
  2 centaurs
  3 scorpions
  4 wights (D:4)
  3 crimson imps
  A centaur zombie (D:4)
  A giant frog skeleton (D:7)
  A jelly (D:5)
  2 centaur skeletons (D:4)
  4 orc priests
  5 iguanas
  9 orc wizards
  9 worker ants
  A killer bee zombie (D:7)
  A big kobold zombie (Ossuary)
  2 hound zombies
  A hound skeleton (D:4)
  8 mummies (Ossuary)
  5 worker ant zombies
  A shadow imp (D:5)
  7 adders
  An ooze (D:7)
  4 worms
  2 giant geckos
  23 orcs
  16 bats
  7 giant cockroaches
  A gnoll zombie (Ossuary)
  6 goblins
  10 hobgoblins
  8 jackals
  2 quokkas
  4 ball pythons
  A giant cockroach zombie (D:4)
  3 giant gecko zombies (D:4)
  4 giant newts
  A goblin zombie (D:8)
  2 hobgoblin zombies (Ossuary)
  A jackal zombie (D:4)
  9 kobolds
  2 kobold zombies (Ossuary)
  2 orc zombies (Ossuary)
  A quokka skeleton (D:7)
  10 rats
  A rat zombie (D:8)
201 creatures vanquished.

Vanquished Creatures (collateral kills)
  A centaur (D:5)
  A giant frog skeleton (D:7)
  An orc priest (D:6)
  3 gnolls (D:7)
  3 orcs (D:6)
9 creatures vanquished.

Grand Total: 210 creatures vanquished

Notes
Turn   | Place    | Note
--------------------------------------------------------------
     0 | D:1      | Kook the Demonspawn Berserker began the quest for the Orb.
     0 | D:1      | Reached XP level 1. HP: 18/18 MP: 1/1
   409 | D:1      | Gained mutation: You are partially covered in slimy green scales (AC +2). [demonic ancestry]
   409 | D:1      | Reached XP level 2. HP: 24/24 MP: 2/2
   817 | D:1      | Reached ** piety under Trog
  1343 | D:2      | Reached XP level 3. HP: 26/29 MP: 3/3
  1358 | D:2      | Found a burning altar of Makhleb.
  1845 | D:3      | Gained mutation: Your flesh is cold resistant. [demonic ancestry]
  1845 | D:3      | Reached XP level 4. HP: 26/36 MP: 4/4
  2124 | D:3      | Found a glowing drain.
  2129 | Sewer    | Entered a sewer
  2357 | Sewer    | Reached *** piety under Trog
  2363 | Sewer    | Gained mutation: You have large cloven feet. [demonic ancestry]
  2363 | Sewer    | Reached XP level 5. HP: 42/42 MP: 5/5
  2394 | Sewer    | Reached skill level 4 in Fighting
  2920 | D:3      | Found an ancient bone altar of Kikubaaqudgha.
  3697 | D:4      | Found a glowing silver altar of Zin.
  3715 | D:4      | Reached XP level 6. HP: 49/49 MP: 6/6
  3783 | D:4      | Reached skill level 1 in Evocations
  3950 | D:4      | Reached skill level 5 in Fighting
  3957 | D:4      | Gained mutation: You have hoof-like feet. [demonic ancestry]
  3957 | D:4      | Reached XP level 7. HP: 36/56 MP: 8/8
  3965 | D:4      | Found a staircase to the Ecumenical Temple.
  4349 | D:5      | Entered Level 5 of the Dungeon
  4365 | D:5      | Reached skill level 5 in Polearms
  4448 | D:5      | Received a gift from Trog
  4599 | D:5      | Found a shadowy altar of Dithmenos.
  4600 | D:5      | Found a sacrificial altar of Ru.
  5168 | D:5      | Gained mutation: A weak demonic guardian rushes to your aid. [demonic ancestry]
  5168 | D:5      | Reached XP level 8. HP: 64/64 MP: 9/9
  5255 | D:5      | Reached skill level 1 in Throwing
  5256 | D:5      | HP: 1/64 [orc priest/divine providence (17)]
  5271 | D:5      | Reached skill level 6 in Fighting
  6297 | D:6      | Found a shadowy altar of Dithmenos.
  6767 | D:7      | Found Vichi's Food Shoppe.
  6873 | D:7      | Reached skill level 7 in Fighting
  6873 | D:7      | Gained mutation: A demonic guardian rushes to your aid. [demonic ancestry]
  6873 | D:7      | Reached XP level 9. HP: 62/72 MP: 11/11
  7142 | D:7      | Found a sparkling altar of Nemelex Xobeh.
  7540 | D:8      | Found a basalt altar of Yredelemnul.
  7597 | D:8      | Found a sand-covered staircase.
  7604 | Ossuary  | Entered an ossuary
  8033 | D:8      | Noticed a gargoyle
  8048 | D:8      | Killed from afar by a gargoyle

Action                   |  1- 3 |  4- 6 |  7- 9 || total
-------------------------+-------+-------+-------++-------
Melee: Spear             |   223 |   245 |       ||   468
       Trident           |       |    62 |   480 ||   542
Throw: Javelin           |       |       |    13 ||    13
       Tomahawk          |       |       |    21 ||    21
Invok: Berserk           |     1 |     3 |     5 ||     9
       Trog's Hand       |       |     3 |    11 ||    14
  Use: Potion            |     1 |       |     4 ||     5
       Scroll            |     6 |     4 |    10 ||    20
 Stab: Sleeping          |     1 |       |       ||     1
       Distracted        |       |       |     1 ||     1
  Eat: Chunk             |     3 |    12 |    17 ||    32
       Fruit             |       |       |     4 ||     4
